[Event "*** Titled Tuesday Blitz"]
[Site "Chess.com"]
[Date "2020.05.19"]
[Round "4"]
[White "PotapovaM"]
[Black "mshuaau0"]
[Result "1/2-1/2"]
[WhiteElo "2427"]
[BlackElo "2253"]
[TimeControl "180+1"]
[EndTime "12:42:21 PDT"]
[Termination "Game drawn by stalemate"]

1. d4 d5 2. c4 e6 3. Nf3 Nf6 4. g3 dxc4 5. Bg2 a6 6. O-O Nc6 7. e3 Rb8 8. Nfd2 Na5 9. Qa4+ Nc6 10. Nxc4 Bd7 11. Qd1 Be7 12. Nc3 O-O 13. e4 b5 14.
Ne5 Nxe5 15. dxe5 Ne8 16. Be3 c5 17. Qd2 Bc6 18. Rad1 Qxd2 19. Rxd2 Nc7 20. f4 Rfd8 21. Rfd1 Rxd2 22. Rxd2 Kf8 23. Rd6 Bxd6 24. exd6 Na8 25. Bxc5 Ke8 26. b4 Nb6 27. Bf1 Kd7 28. Kf2 f6 29.
Ke3 e5 30. Bh3+ Kd8 31. Be6 Bd7 32. Bg8 h6 33. h4 Nc4+ 34. Kd3 Nb6 35. Ne2 Bg4 36.
Bb3 Kd7 37. f5 Bxe2+ 38. Kxe2 Nc4 39. Kd3 Nxd6 40. Be6+ Kc6 41. Bd5+ Kc7 42. g4 Rd8 43. Ke3 Nc4+ 44. Kf3 Nb6 45. Be6 Rd3+ 46. Kf2 Nd7 47. Be7 Rd4 48. Ke3 Rd1 49. g5 Re1+ 50. Kf3 hxg5 51.
hxg5 Rf1+ 52. Ke2 Rg1 53. g6 Rg2+ 54. Kf3 Rb2 55. Bxd7 Kxd7 56. Bxf6 Rxb4 57. Bxg7 Ke7 58. Bxe5 Rb1 59. f6+ Ke6 60. Bd4 Rf1+ 61. Ke2 Rxf6 62. Bxf6 Kxf6 63. Kd3 Kxg6 64. Kd4 Kf6 65. Kd5 Ke7 66.
e5 b4 67. Kc5 Ke6 68. Kxb4 Kxe5 69. Ka5 Kd6 70. Kxa6 Kc7 71. Ka7 Kc8 72. a4 Kc7 73.
a5 Kc8 74. a6 Kc7 75. Ka8 Kc8 76. a7 Kc7 1/2-1/2

[Event "*** Titled Tuesday Blitz"]
[Site "Chess.com"]
[Date "2020.05.19"]
[Round "4"]
[White "Zmof"]
[Black "IngOscarArdila"]
[Result "0-1"]
[WhiteElo "2236"]
[BlackElo "2042"]
[TimeControl "180+1"]
[EndTime "12:42:21 PDT"]
[Termination "IngOscarArdila won on time"]

1. e4 e5 2. Bc4 Nf6 3. d3 Nc6 4. Nf3 Bc5 5. O-O d6 6. a4 h6 7.
c3 a6 8. Re1 O-O 9. Nbd2 Re8 10.
Nf1 Be6 11. Bxe6 Rxe6 12. Ng3 Re8 13. Nh4 Ne7 14. Qf3 Ng6 15. Nhf5 Kh7 16. Nxg7 Kxg7 17.
Nf5+ Kh7 18. Bxh6 Rh8 19. Bg7 Kg8 20. Bxh8 Kxh8 21. Qh3+ Kg8 22. d4 exd4 23. cxd4 Bb4 24. Re3 Qf8 25. Rg3 Nxe4 26. Nh6+ Kg7 27. Ng4 Qh8 28.
Re3 Qxh3 29. gxh3 Ng5 30. Kg2 Nf4+ 31. Kg3 Ng6 32. h4 Ne6 33. h5 Ne7 34. Rc1 Nf5+ 35. Kf3 Nxe3 36. fxe3 Ba5 37. d5 Nc5 38. Rg1 Kf8 39.
Nf6 Ke7 40. Nh7 Rh8 41. Rg7 Nd7 42. h6 Ne5+ 43. Kf4 Bd2 44. h4 Bc1 45. h5 Bxb2 46. Kf5 Nd7 47. Ng5 Ne5 48. h7 c6 49. Rg8 Rxh7 50.
Nxh7 cxd5 51. Ng5 Nd7 52. h6 Nc5 53. Rc8 b5 54. h7 bxa4 55. Rb8 Bc3 56. Rb7+ Nd7 57.
Rxd7+ Kxd7 58. Nxf7 a3 59. e4 a2 60. e5 Bxe5 61.
Nxe5+ dxe5 62. h8=Q a1=Q 63. Qg7+ Kc6 64. Qf6+ Kc5 65.
Qe7+ Kd4 66. Qb4+ Ke3 67. Qc5+ Qd4 68. Qc1+ Kd3 69. Qd1+ Kc4 70. Qa4+ Kc3 71. Qa1+ Kc2 72. Qa2+ Qb2 73. Qxd5 Qd4 74. Qa2+ Kc3 0-1

[Event "*** Titled Tuesday Blitz"]
[Site "Chess.com"]
[Date "2020.05.19"]
[Round "4"]
[White "Jumbo"]
[Black "davidkalashian"]
[Result "1-0"]
[WhiteElo "2874"]
[BlackElo "2605"]
[TimeControl "180+1"]
[EndTime "12:42:22 PDT"]
[Termination "Jumbo won by resignation"]

1. d4 Nf6 2. Bf4 g6 3. e3 Bg7 4. Nf3 O-O 5. Be2 d6 6. O-O Nbd7 7. c4 c5 8. Nc3 cxd4 9. exd4 b6 10. d5 Bb7 11. h3 a6 12. Re1 Rc8 13. Rc1 Nc5 14. Bh2 Re8 15. Nd4 e5 16. dxe6 fxe6 17. Bf3 e5 18.
Nb3 Bxf3 19. Qxf3 Ne6 20. Qd3 Qc7 21. Nd2 Nd4 22. Nde4 Nxe4 23. Nxe4 d5 24. Nd2 e4 25.
Qe3 Qf7 26. cxd5 Rxc1 27. Rxc1 Qxd5 28. Nc4 b5 29. Nd6 Nf5 30. Nxf5 Qxf5 31. b3 h5 32. Rd1 Re7 33. h4 Rd7 34. Rxd7 Qxd7 35. Bf4 Qd5 36. g3 Bd4 37. Qd2 Qc5 38. Qe2 Kf7 39. Kg2 Qd5 40. Be3 Bxe3 41. Qxe3 Qc6 42. Kf1 Kg7 43. Qd4+ Kh7 44.
Ke2 Qc2+ 45. Qd2 Qc6 46. Ke3 Qe6 47. Qd4 Qc6 48. Qxe4 Qc1+ 49. Kf3 Qd2 50. Qe7+ Kh8 51. Qe6 Qxa2 52. Qxg6 Qxb3+ 53. Kg2 b4 54. Qxh5+ Kg7 55. Qg5+ Kh7 56. h5 Qd3 57. Qe7+ Kh6 58. Qxb4 Kxh5 59.
Qc5+ Kg6 60. g4 Qe4+ 61. Kg3 Qd3+ 62. f3 Kg7 63. Qe5+ Kh7 64. Qc7+ Kg6 65. Qb6+ Kh7 66. Qc5 Kg8 67. Qg5+ Kf7 68. Qe5 Qb5 69. Qxb5 Kg8 70.
Qxa6 1-0

[Event "*** Titled Tuesday Blitz"]
[Site "Chess.com"]
[Date "2020.05.19"]
[Round "4"]
[White "VALPARAISO37"]
[Black "LADIESGET2KNOWME"]
[Result "0-1"]
[WhiteElo "2309"]
[BlackElo "2541"]
[TimeControl "180+1"]
[EndTime "12:42:22 PDT"]
[Termination "LADIESGET2KNOWME won by resignation"]

1. d4 Nf6 2. c4 g6 3. Nc3 Bg7 4. e4 O-O 5. f3 d6 6. Be3 Na6 7.
Qd2 e5 8. Nge2 exd4 9. Nxd4 Nc5 10. Be2 a5 11. O-O Re8 12. Rad1 Bd7 13. Bg5 Nfxe4 14. Nxe4 Nxe4 15. fxe4 Bxd4+ 16. Kh1 f6 17. Qxd4 fxg5 18. Qd5+ Be6 19. Qxb7 Rb8 20. Qa6 Rxb2 21. Bd3 Rxa2 22. Ra1 Rd2 23. Rfd1 Rxd1+ 24. Rxd1 Qa8 25. Qb5 a4 26.
Ra1 Rb8 27. Rxa4 Qb7 28. Qxb7 Rxb7 29. h3 Rb3 30. Be2 Re3 31. Bf3 Rc3 32. Be2 Rc2 33.
Bg4 Bf7 34. Kh2 Rxc4 35. Ra8+ Kg7 36. Bf3 h5 37. g4 Rc3 38. Kg2 Rc2+ 39. Kg1 Rc3 40. Kf2 Rc2+ 41. Kg1 Kf6 42. Rf8 h4 43. Rc8 Rc1+ 44. Kf2 Rc3 45. Rf8 Rc2+ 46. Kg1 Rc1+ 47. Kf2 Rc2+ 48. Kg1 Rc1+ 49. Kf2 Rc3 50. Rd8 Ke5 51.
Rf8 Rc2+ 52. Ke3 Be6 53. Re8 Rh2 54. Be2 Rxh3+ 55. Kf2 Rc3 56. Ke1 Re3 57. Kf2 Rxe4 58. Bf3 Rf4 59. Ke3 Ra4 60. Be2 Kf6 61. Rh8 c5 62.
Rf8+ Ke5 63. Re8 Ra3+ 64. Kf2 d5 65. Bf3 Ra2+ 66. Ke1 h3 67. Be2 Ra1+ 68. Kd2 h2 69. Bf3 Ra2+ 70. Kc1 Rf2 71. Rh8 Rf1+ 72. Kd2 Rxf3 73.
Rxh2 Kd4 74. Rh6 Rd3+ 75. Kc2 Bxg4 76. Rxg6 Rg3 77. Kd2 Rg2+ 78. Ke1 Bh3 79. Rf6 Ke3 80. Re6+ Bxe6 81. Kd1 Bf5 82. Kc1 c4 0-1

[Event "*** Titled Tuesday Blitz"]
[Site "Chess.com"]
[Date "2020.05.19"]
[Round "4"]
[White "Aikiigm"]
[Black "Pultis"]
[Result "1-0"]
[WhiteElo "2525"]
[BlackElo "2754"]
[TimeControl "180+1"]
[EndTime "12:42:27 PDT"]
[Termination "Aikiigm won by checkmate"]

1. d4 Nf6 2. g3 g6 3. Bg2 d5 4. a4 a5 5. Nf3 Bg7 6. O-O O-O 7. Bf4 Bf5 8. c3 c6 9. Qb3 Qc8 10. Nbd2 Ne4 11. Rfc1 Nd7 12. c4 dxc4 13. Nxc4 Be6 14. Qc2 Nef6 15. Ng5 Bxc4 16. Qxc4 Nb6 17. Qb3 Nfd5 18.
Nf3 Nxf4 19. gxf4 Nd5 20. e3 e6 21. Ne5 Rd8 22. Nc4 Qc7 23. Rd1 h5 24. Rac1 Bf8 25.
Ne5 Bd6 26. Be4 Kg7 27. Kh1 Ra6 28. Nc4 Bb4 29. Rg1 Nf6 30. Bf3 Ng4 31. Bxg4 hxg4 32. Rxg4 Rh8 33. Kg2 b5 34. Ne5 bxa4 35. Qxa4 c5 36.
dxc5 Bxc5 37. Qb5 Rb6 38. Qxc5 Qb7+ 39. Kg1 Rd8 40. Qc3 Rb3 41. Qc7 Rd1+ 42. Rxd1 Qxc7 43.
Rd7 Qc2 44. Rxf7+ Kg8 45. Rf6 Qb1+ 46. Kg2 Qe4+ 47. Kg3 Rb7 48. Rfxg6+ Kf8 49. Rg8+ Ke7 50. R4g7+ Kd6 51. Rd8+ Kc5 52. Rg5 Kb6 53. Rd6+ Kc7 54. Rxe6 Qh1 55. Rg7+ Kd8 56. Rg8+ Kc7 57. Re7+ Kb6 58.
Rg6+ Ka7 59. Nc6+ Ka6 60. Nb8+ Ka7 61. Nc6+ Ka6 62. Nd4+ Ka7 63. Ree6 Qg1+ 64. Kh3 Qf1+ 65. Kg4 Qg1+ 66. Kf5 Rf7+ 67. Ke5 Qb1 68. Ra6+ Kb7 69.
Rgb6+ Kc8 70. Ra8+ Kc7 71. Rc6+ Kb7 72. Raa6 Re7+ 73.
Kd6 Qh7 74. Rab6+ Ka8 75. Ra6+ Kb7 76. Rab6+ Ka8 77. Ra6+ Kb8 78. Rcb6+ Rb7 79. Nc6+ Kc8 80. Ra8+ Rb8 81. Raxb8# 1-0

[Event "*** Titled Tuesday Blitz"]
[Site "Chess.com"]
[Date "2020.05.19"]
[Round "4"]
[White "KanseiMigatte"]
[Black "vanea_03"]
[Result "0-1"]
[WhiteElo "2404"]
[BlackElo "2631"]
[TimeControl "180+1"]
[EndTime "12:42:28 PDT"]
[Termination "vanea_03 won by resignation"]

1. d4 Nf6 2. c4 e6 3. Nc3 Bb4 4. e3 O-O 5. Ne2 c6 6. a3 Ba5 7.
g3 d5 8. cxd5 exd5 9. Bg2 Re8 10. O-O Bf5 11. Qd2 Be4 12. f3 Bg6 13. b4 Bc7 14.
Bb2 Nbd7 15. Rae1 Nb6 16. Nf4 Nc4 17. Qc1 Bxf4 18. gxf4 b5 19. Rf2 a5 20. Bf1 axb4 21.
axb4 Qd6 22. Bxc4 bxc4 23. b5 cxb5 24. Nxb5 Qb6 25. Nc3 Bd3 26. Ba3 Qb3 27. Bc5 Rab8 28. Bd6 Rb6 29. Be5 Rd8 30. e4 dxe4 31. fxe4 Nxe4 32.
Nxe4 Rg6+ 33. Ng3 h5 34. f5 Rg4 35. h3 Rh4 36. Kh2 Qb7 37. Qe3 f6 38. Bf4 Qf7 39. Qe6 c3 40. Qxf7+ Kxf7 41. Rd1 c2 42. Rc1 Rb8 43.
d5 Rb1 44. Bd2 Rd4 45. Be3 Rxd5 46. Rd2 Ke7 47. Rcxc2 Bxc2 48. Rxc2 Rbb5 49. Bf2 h4 50. Ne4 Rxf5 51. Re2 Rfe5 52. Kg2 Kf7 53. Kf3 Kg6 54. Bd4 Rb3+ 55. Re3 Rxe3+ 56. Bxe3 Re8 57. Nf2 Kf5 58.
Nd3 g5 59. Nf2 Ra8 60. Ng4 Ra4 61. Nf2 Kg6 62. Ne4 Rc4 63. Nd6 Rc2 64. Ne4 Rh2 65.
Nf2 f5 66. Bd2 Kh5 67. Bc3 Rxf2+ 68. Kxf2 g4 69. hxg4+ fxg4 70. Kg2 Kg5 71. Kh1 h3 72. Bd4 Kf4 73. Bg1 Kf3 74. Ba7 g3 75. Bb6 Kg4 76. Bc5 Kh4 77. Bb6 Kg4 78. Bc5 Kf3 79. Bb6 h2 80.
Bc5 Kg4 81. Bb6 Kh3 0-1

[Event "*** Titled Tuesday Blitz"]
[Site "Chess.com"]
[Date "2020.05.19"]
[Round "4"]
[White "szefru"]
[Black "kot60"]
[Result "0-1"]
[WhiteElo "2150"]
[BlackElo "2387"]
[TimeControl "180+1"]
[EndTime "12:42:33 PDT"]
[Termination "kot60 won by resignation"]

1. e4 e5 2. Nf3 Nc6 3. Bb5 a6 4. Ba4 d6 5. O-O Ne7 6. c3 Ng6 7. h3 Be7 8. d4 h6 9. d5 b5 10. dxc6 bxa4 11. Qxa4 O-O 12. Be3 f5 13. exf5 Bxf5 14.
Nbd2 Bd3 15. Rfe1 Bb5 16. Qe4 Qe8 17. c4 Bxc6 18. Qc2 Qf7 19. b4 Nf4 20. Bxf4 Qxf4 21. b5 Bb7 22. a4 Kh8 23. Qd3 Rad8 24. Qe3 Qf5 25. Qa7 Qc8 26. Rac1 Bg5 27. Rc2 Bxd2 28. Nxd2 Qf5 29. Rb2 Ba8 30. bxa6 Qg5 31. f3 d5 32. Qxc7 dxc4 33. Nxc4 e4 34. Qe5 Qh4 35. fxe4 Qxe1+ 36. Kh2 Qxe4 37. Qxe4 Bxe4 38. Nb6 Ba8 39. a5 Rf6 40.
Rc2 Be4 41. Rc7 Rg6 42. g4 h5 43. Kg3 hxg4 44. hxg4 Bf5 45. Rc4 Be6 46. Re4 Bf5 47.
Rf4 Bd3 48. a7 Kh7 49. a8=Q Rxa8 50. Nxa8 Ra6 51. Ra4 Rxa8 52. Ra3 Ba6 53. Kf4 Rf8+ 54. Kg5 Rf6 55. Rh3+ Rh6 56. Rb3 Rg6+ 57. Kf4 Bc8 58. g5 Ra6 59. Rb8 Be6 60. Rb5 g6 61. Re5 Bf5 62. Rc5 Kg8 63. Rd5 Kf7 64. Rc5 Ke7 65. Re5+ Kd6 66. Rb5 Kc6 67. Re5 Ra7 68. Kg3 Kb7 69.
Rd5 Ka6 70. Kf4 Rb7 71. Ke5 Rb5 72.
Rxb5 Kxb5 73. a6 Kxa6 74. Kf4 Kb6 75. Ke5 Kc6 76. Kf4 Kc5 77. Ke5 Kc4 78. Kf4 Kd3 79. Ke5 Ke2 80. Kf4 Kf2 81. Ke5 Kg2 82. Kf4 Kh3 83. Ke5 Kg4 84. Kf6 Kh4 85. Ke5 Kxg5 0-1

[Event "*** Titled Tuesday Blitz"]
[Site "Chess.com"]
[Date "2020.05.19"]
[Round "4"]
[White "Witik"]
[Black "IMTominho"]
[Result "0-1"]
[WhiteElo "2648"]
[BlackElo "2842"]
[TimeControl "180+1"]
[EndTime "12:42:34 PDT"]
[Termination "IMTominho won on time"]

1. d4 d5 2. Bf4 c5 3. e3 Qb6 4. Nc3 e6 5. Nb5 Na6 6. a4 Nf6 7. Nf3 Be7 8. Ne5 O-O 9. c3 Bd7 10. Be2 Rfc8 11. O-O Be8 12. b3 Qd8 13. c4 cxd4 14.
Nxd4 Nb4 15. Rc1 a6 16. h3 dxc4 17. Bxc4 Nfd5 18. Bg3 Rc5 19. Qf3 Rac8 20. Rcd1 Qb6 21. e4 Nf6 22. Rd2 Qa5 23. Ng4 Nxg4 24. Qxg4 Rg5 25.
Qf3 Qb6 26. Rfd1 Rgc5 27. h4 h6 28. Qg4 Kh8 29. Bf4 Kh7 30. Be3 Qc7 31. Bxe6 fxe6 32. Nxe6 Qe5 33. Bxc5 Rxc5 34. Nxc5 Bxc5 35. Qf5+ Qxf5 36.
exf5 Nc6 37. Re2 Bh5 38. Red2 Bxd1 39. Rxd1 a5 40. Rd5 b6 41. g4 Nd4 42. Kg2 Kg8 43. g5 hxg5 44. hxg5 Nxb3 45. Rd7 Nd4 46. Rd5 Nc6 47.
f4 Ne7 48. Re5 Kf7 49. Kf3 Bd6 50. Rb5 Bc5 51. Ke4 Nc8 52. Rb1 Nd6+ 53. Ke5 Nc4+ 54.
Kd5 Nd6 55. Ke5 Ne8 56. Rd1 Ke7 57. Ke4 Nd6+ 58. Ke5 Nc4+ 59. Ke4 Nb2 60. Rh1 Nxa4 61. Rh7 Kf8 62. Ke5 Ba3 63. f6 Bb2+ 64. Kf5 gxf6 65.
g6 Nc5 66. Rh8+ Kg7 67. Rh7+ Kg8 68. Ra7 a4 69. g7 Kh7 70. Rf7 a3 71. Ra7 b5 72.
Ra5 b4 73. Rxc5 a2 74. Rc8 Kxg7 75. Rc7+ Kf8 76. Ke6 a1=Q 0-1

[Event "*** Titled Tuesday Blitz"]
[Site "Chess.com"]
[Date "2020.05.19"]
[Round "4"]
[White "MITerryble"]
[Black "FelixBlohberger"]
[Result "1-0"]
[WhiteElo "2848"]
[BlackElo "2596"]
[TimeControl "180+1"]
[EndTime "12:42:35 PDT"]
[Termination "MITerryble won on time"]

1. Nf3 d5 2. e3 Nf6 3. c4 c6 4. b3 Bf5 5. Bb2 e6 6. Be2 h6 7. O-O Nbd7 8. d3 Be7 9. Nc3 O-O 10.
Re1 Bh7 11. a3 a5 12. Bf1 Qc7 13. Rc1 Qb8 14. cxd5 exd5 15. e4 dxe4 16. Nxe4 Re8 17. Qc2 Qc7 18. g3 Nxe4 19. dxe4 Bf6 20. Nd4 Rad8 21.
f3 Nf8 22. Qf2 Qb6 23. Red1 Ne6 24. Nxe6 Qxf2+ 25. Kxf2 Rxd1 26. Rxd1 Bxb2 27. Nc5 b6 28. Nd7 Bxa3 29. Kg2 b5 30. Rd2 f5 31. e5 f4 32. gxf4 Bf5 33. Kg3 Kf7 34. Bh3 Bxh3 35. Kxh3 Bb4 36. Rd1 Ke6 37. Kg4 g6 38. Nf6 Re7 39.
Rc1 Rc7 40. h4 a4 41. bxa4 bxa4 42. h5 gxh5+ 43. Nxh5 a3 44. Nf6 a2 45. Ra1 Ra7 46. Ne4 Kd5 47. Kf5 c5 48. e6 c4 49. Nf6+ Kc5 50. Nd7+ Kd6 51. Ne5 c3 52. Nc4+ Ke7 53. Ne3 c2 54. Nxc2 Bc3 55. Rd1 a1=Q 56. Nxa1 Ra5+ 57. Kg6 Bxa1 58. f5 Ra7 59. Kxh6 Bf6 60.
Rd3 Rb7 61. Kg6 Bh4 62. Rd5 Bf6 63. Rd3 Ra7 64. Rd1 Rc7 65. f4 Bh4 66. Rh1 1-0

[Event "*** Titled Tuesday Blitz"]
[Site "Chess.com"]
[Date "2020.05.19"]
[Round "4"]
[White "Marty435"]
[Black "HanSchut"]
[Result "0-1"]
[WhiteElo "2407"]
[BlackElo "2240"]
[TimeControl "180+1"]
[EndTime "12:42:37 PDT"]
[Termination "HanSchut won on time"]

1. e4 c5 2. Nf3 d6 3. d4 cxd4 4. Nxd4 Nf6 5. Nc3 a6 6. Be3 e5 7.
Nb3 Be6 8. f3 h5 9. Qd2 Nbd7 10.
Nd5 Bxd5 11. exd5 g6 12. Be2 Rc8 13. O-O Nb6 14. Bg5 Be7 15. f4 Nfxd5 16. c4 Bxg5 17. fxg5 Nf4 18. Rxf4 exf4 19. Qxf4 O-O 20. Rd1 Qe7 21.
Bf1 Qe5 22. Qxe5 dxe5 23. c5 Na4 24. Rd5 Rfe8 25. Kf2 Rcd8 26. Rxd8 Rxd8 27. Be2 Rc8 28. Bf3 Nxc5 29. Nxc5 Rxc5 30. Bxb7 Rc2+ 31. Ke3 Rxb2 32. Bxa6 Rxa2 33. Bb7 Ra4 34. Bd5 Kf8 35. g3 Ke7 36.
Bf3 Ke6 37. Be2 Kf5 38. h4 Ra3+ 39. Kf2 e4 40. Bc4 f6 41. gxf6 Kxf6 42. Be2 Ke5 43. Bb5 Kd4 44. Be8 Ra2+ 45. Kg1 Ra6 46. Kf2 Rf6+ 47.
Ke2 e3 48. Ke1 Kd3 49. Bb5+ Ke4 50. Be8 Kf3 51. g4 hxg4 52. h5 gxh5 53. Bxh5 Ke4 54. Bxg4 Rb6 55. Ke2 Rb2+ 56. Ke1 Kf4 57. Bd7 Kg3 58.
Bc6 Rc2 59. Bd5 Kf4 60. Bb7 Ke5 61. Bf3 Kd4 62. Bh5 Rc3 63. Bg6 Rc6 64. Bf5 Rf6 65. Bh7 Kc3 66. Be4 Kd4 67. Bh7 Rf2 68. Bg6 Ra2 69.
Bh7 Rb2 70. Bg6 Ke5 71. Bd3 Kf4 72. Bc4 Rc2 73. Bd5 Rc3 74. Bb7 Rc1+ 75. Ke2 Ra1 76. Bc6 Ra2+ 77. Ke1 Rb2 78. Bd5 Ke5 79. Bf3 Kd4 80.
Bh5 Rb6 81. Bg4 Rf6 82. Ke2 Rf2+ 83. Ke1 Kd3 84. Bh5 Rg2 85. Kf1 Rg5 86. Bf3 Kd2 0-1

[Event "*** Titled Tuesday Blitz"]
[Site "Chess.com"]
[Date "2020.05.19"]
[Round "4"]
[White "Vesper2018"]
[Black "Olga_Girya"]
[Result "0-1"]
[WhiteElo "2243"]
[BlackElo "2433"]
[TimeControl "180+1"]
[EndTime "12:42:46 PDT"]
[Termination "Olga_Girya won by resignation"]

1. e4 c6 2. d4 d5 3. e5 Bf5 4. Nf3 e6 5. Be2 Ne7 6. O-O Bg6 7. c3 h6 8. Nbd2 a5 9. Re1 Nd7 10. Nf1 Nf5 11. Bd3 Be7 12. g4 Nh4 13. Nxh4 Bxh4 14.
Bxg6 fxg6 15. Qd3 O-O 16. Ng3 g5 17. Be3 Rf7 18. Kg2 Qe7 19. Rf1 Raf8 20. Qg6 Qe8 21.
Qd3 Rf3 22. Qe2 Qf7 23. Rad1 Nb6 24. b3 Nc8 25. Nf5 Rxf5 26. gxf5 Qxf5 27. f4 g4 28. Qd3 Qh5 29. c4 Ne7 30. Bc1 Nf5 31. Qe2 Be7 32. Rd3 Rd8 33. c5 Rf8 34. Kg1 Qg6 35. Rf2 h5 36.
Bd2 Bd8 37. Bc1 b6 38. Ba3 b5 39. Bc1 Kf7 40. Bd2 Ke8 41. Be1 Nh4 42. Rg3 Qb1 43. h3 Nf5 44. Rd3 g3 45. Rg2 h4 46. Rd1 Qe4 47. Qxe4 dxe4 48. Re2 Kf7 49. Rxe4 Bc7 50. Kg2 Rd8 51. Bc3 Rd5 52. Kf3 Kg6 53. Re2 Kh5 54. Ke4 Ne7 55. a3 Nf5 56. Red2 g6 57.
Re2 Bd8 58. Red2 Kh6 59. Re2 Rd7 60. Red2 Kh5 61. Re2 Ra7 62. Bb2 Ne7 63. Ree1 Nd5 64.
Rf1 Rf7 65. Rd2 Rf5 66. Rdd1 Be7 67. Rd3 Bg5 68. Rdf3 Bxf4 69. Rxf4 Rxf4+ 70. Rxf4 Nxf4 71. Kf3 g2 72. Kf2 Nd3+ 73. Kxg2 Nxb2 74. d5 Nd3 75. dxc6 Nf4+ 76. Kf3 Nd5 77. Ke4 g5 78. Kf3 g4+ 79. hxg4+ Kg5 80. Kg2 Kxg4 81. Kh2 Nc7 82. Kg2 Kf4 83.
Kh3 Kxe5 84. Kxh4 Kd5 85. Kg5 Kxc6 0-1

[Event "*** Titled Tuesday Blitz"]
[Site "Chess.com"]
[Date "2020.05.19"]
[Round "4"]
[White "dopolian"]
[Black "pfalcon1949"]
[Result "1/2-1/2"]
[WhiteElo "2355"]
[BlackElo "1965"]
[TimeControl "180+1"]
[EndTime "12:42:49 PDT"]
[Termination "Game drawn by 50-move rule"]

1. Nf3 c5 2. c4 Nf6 3. Nc3 Nc6 4. d4 cxd4 5. Nxd4 g6 6. Nc2 Bg7 7. g3 O-O 8. Bg2 b6 9. O-O Bb7 10. Ne3 Rc8 11. Bd2 a6 12. Rc1 Qc7 13. Ncd5 Qd8 14.
Bc3 Nxd5 15. Nxd5 Bxc3 16. Rxc3 b5 17. c5 d6 18. Qc1 dxc5 19. Rxc5 e6 20. Ne3 Qb6 21.
Rd1 Nb4 22. Rxc8 Rxc8 23. Qb1 Bxg2 24. Kxg2 Qc6+ 25. Kg1 a5 26. a3 Na6 27. h4 b4 28.
axb4 Nxb4 29. h5 Qb5 30. hxg6 hxg6 31. Rd2 Qg5 32. Qe4 Nd5 33. Rd3 Rc1+ 34. Kg2 Nxe3+ 35. Qxe3 Qxe3 36. Rxe3 Rc2 37. b3 Rb2 38. Kf3 Kg7 39. Rc3 Ra2 40. e3 a4 41. bxa4 Rxa4 42. e4 Ra1 43. Kf4 Re1 44. f3 Kf6 45. Rc5 Re2 46. e5+ Kg7 47. Kg5 Re1 48. f4 Re2 49. g4 Re4 50.
Rc7 Re3 51. Rc5 Re4 52. f5 exf5 53. gxf5 gxf5 54. Kxf5 Re1 55. Rc7 Rf1+ 56. Ke4 Re1+ 57. Kd5 Rd1+ 58. Ke4 Re1+ 59. Kf4 Rf1+ 60. Kg3 Re1 61.
Rc5 Re4 62. Kf3 Re1 63. Kf4 Rf1+ 64. Ke4 Re1+ 65. Kd5 Rd1+ 66. Kc6 Re1 67. Kd6 Re2 68. Ke7 Re1 69. Rd5 Re2 70. Kd6 Re1 71. Rd4 Re2 72.
Rg4+ Kf8 73. Rg5 Rd2+ 74. Kc6 Re2 75. Kd5 Rd2+ 76. Ke4 Re2+ 77. Kd4 Rc2 78. Ke3 Rc6 79. Kd3 Re6 80. Ke4 Ke7 81. Rf5 Rh6 82. Kd5 Rh4 83.
Rf3 Ra4 84. Rb3 Ra5+ 85. Ke4 Ke6 86. Rb6+ Ke7 87. Kf5 Rc5 88. Rb7+ Kf8 89. Rd7 Rc6 90. Ra7 Rb6 91. Rc7 Kg7 92. Re7 Ra6 93. Rd7 Rb6 94. Rd6 Rb5 95. Rc6 Ra5 96. Rb6 Rc5 97.
Rb7 Ra5 98. Rb6 Rc5 99. Kf4 Ra5 100. Rb7 Ra4+ 101. Kg5 Ra6 102. Kf5 Re6 103. Rd7 Ra6 104. Rd6 1/2-1/2

[Event "*** Titled Tuesday Blitz"]
[Site "Chess.com"]
[Date "2020.05.19"]
[Round "4"]
[White "IriBu"]
[Black "LiamVrolijk"]
[Result "0-1"]
[WhiteElo "2517"]
[BlackElo "2817"]
[TimeControl "180+1"]
[EndTime "12:43:07 PDT"]
[Termination "LiamVrolijk won on time"]

1. e4 e5 2. Nf3 Nc6 3. Bb5 a6 4. Ba4 Nf6 5. O-O b5 6. Bb3 Bc5 7. c3 d6 8. Re1 h6 9. d4 Bb6 10. h3 O-O 11. Be3 Re8 12. a4 Rb8 13. d5 Bxe3 14.
fxe3 Ne7 15. Nbd2 Ng6 16. Rf1 Bd7 17. axb5 axb5 18. Qe1 c6 19. Ra6 Rb6 20. Ra7 cxd5 21. exd5 Rb8 22. Ra6 Qc7 23. e4 Ra8 24. Rxa8 Rxa8 25.
Nh4 Qc5+ 26. Kh1 Nxh4 27. Qxh4 Qe3 28. Qf2 Qxf2 29. Rxf2 Kf8 30. Rf1 Ke7 31. Bc2 Nh5 32. Kh2 Ra2 33. Rb1 Nf6 34. Bb3 Ra8 35. c4 b4 36. Rc1 Ra5 37. Kg3 Bc8 38. Kf3 Nd7 39. Bc2 Ra2 40. Rb1 Nc5 41. Ke3 h5 42. Bb3 Ra7 43. Bc2 Bd7 44. Nb3 Ba4 45. Ra1 Rc7 46. Nxc5 Bxc2 47. Nd3 Rxc4 48. Ra7+ Kf6 49. Rd7 Bxd3 50.
Kxd3 Rd4+ 51. Ke3 Rc4 52. Rxd6+ Kg5 53. Kd3 Rd4+ 54. Ke3 Rc4 55. Rb6 f5 56. exf5 Kxf5 57. g3 g5 58. Rb8 Rd4 59. Rf8+ Kg6 60. Rd8 h4 61. gxh4 Rxh4 62. Rb8 Kf5 63. Rf8+ Kg6 64. Rb8 Kf6 65. Rf8+ Ke7 66. Rf5 Kd6 67. Rxg5 Rxh3+ 68. Kd2 Kxd5 69. Rg8 Rh2+ 70. Kc1 e4 71. Rd8+ Kc4 72.
Re8 Kd3 73. Rd8+ Kc4 74. Re8 Re2 75. Kd1 Re3 76. Kd2 Rd3+ 77. Kc2 b3+ 78. Kc1 Kd4 79. Rd8+ Ke3 80. Rh8 Kf4 81. Rf8+ Ke3 82. Rh8 Ke2 83.
Rh2+ Kf3 84. Rh3+ Kf4 85. Rh8 Rg3 86. Rf8+ Ke3 87. Rf1 Rg2 88. Re1+ Kf3 89. Rd1 e3 90. Rf1+ Rf2 91. Re1 Ke4 92. Rd1 e2 93. Re1 Ke3 0-1

[Event "*** Titled Tuesday Blitz"]
[Site "Chess.com"]
[Date "2020.05.19"]
[Round "4"]
[White "RojonR"]
[Black "Korchmar_Vasiliy"]
[Result "1/2-1/2"]
[WhiteElo "2410"]
[BlackElo "2604"]
[TimeControl "180+1"]
[EndTime "12:43:11 PDT"]
[Termination "Game drawn - insufficient material"]

1. e4 c5 2. Nf3 d6 3. Bb5+ Bd7 4. Bxd7+ Qxd7 5. O-O Nc6 6. c3 Nf6 7. Qe2 e6 8. d4 cxd4 9. cxd4 d5 10. e5 Ng8 11.
Nc3 Nge7 12. Be3 Nc8 13. Nd2 Be7 14. f4 O-O 15. f5 exf5 16. Qf3 Nxe5 17. Qxd5 Qxd5 18.
Nxd5 Ng4 19. Bf4 Bd6 20. Bxd6 Nxd6 21. Ne7+ Kh8 22. Nxf5 Nxf5 23. Rxf5 Ne3 24. Rf4 Rac8 25. Re4 Nd5 26. Rae1 Rc2 27. Nf3 Rxb2 28. Ne5 h5 29. Nd7 Rd8 30. Re8+ Rxe8 31. Rxe8+ Kh7 32. Nf8+ Kh6 33.
Rd8 Nf4 34. g3 Nh3+ 35. Kh1 Nf2+ 36. Kg2 Ng4+ 37. Kf3 Nxh2+ 38. Ke4 Rxa2 39. d5 Ng4 40. Nd7 Re2+ 41. Kd3 Re1 42. Kd2 Re4 43. Nc5 Rd4+ 44. Kc3 Rd1 45. d6 Nf6 46. Nxb7 Kh7 47. Nc5 a5 48. d7 a4 49. Kb4 Rd4+ 50. Kc3 Rd5 51.
Kb4 Rd4+ 52. Kc3 Rd6 53. Kb4 g5 54. Kxa4 h4 55. gxh4 gxh4 56. Rf8 Kg7 57. d8=Q Rxd8 58. Rxd8 h3 59. Rd3 h2 60. Rh3 Ng4 61. Rh4 f5 62. Nd3 Kg6 63. Ne1 Kg5 64. Rh3 Kf4 65. Kb3 Ke4 66.
Kc2 f4 67. Kd2 f3 68. Nxf3 h1=Q 69. Rxh1 Kxf3 70. Rf1+ Kg2 71. Rf4 Kg3 72. Rf5 Nf2 73.
Ke2 Ng4 74. Rg5 Kf4 75. Rg8 Ne5 76. Rf8+ Ke4 77. Kf2 Kd4 78. Kg3 Ke4 79. Re8 Kd4 80.
Kf4 Nd3+ 81. Kf3 Ne5+ 82. Ke2 Nc4 83. Rh8 Nd6 84. Rh4+ Kd5 85. Kd3 Nf7 86. Rh5+ Ne5+ 87. Ke3 Ke6 88. Ke4 Nf7 89. Ra5 Nd6+ 90. Kd4 Nf5+ 91.
Ke4 Nd6+ 92. Kf4 Nc4 93. Ra6+ Nd6 94. Rb6 Kd5 95. Ra6 Ke6 96. Rxd6+ Kxd6 1/2-1/2

[Event "*** Titled Tuesday Blitz"]
[Site "Chess.com"]
[Date "2020.05.19"]
[Round "4"]
[White "Barmen_EV"]
[Black "SirMittensofMittensville"]
[Result "1-0"]
[WhiteElo "2507"]
[BlackElo "2636"]
[TimeControl "180+1"]
[EndTime "12:43:20 PDT"]
[Termination "Barmen_EV won by checkmate"]

1. d4 Nf6 2. c4 e6 3. Nc3 Bb4 4. e3 O-O 5. Bd3 d5 6. Nf3 c5 7. cxd5 exd5 8. dxc5 Nbd7 9. Bd2 Nxc5 10. Be2 Bf5 11. O-O Rc8 12. a3 Bxc3 13. Bxc3 Nce4 14. Bd4 a6 15. Rc1 Qd6 16. b4 h6 17. h3 Qe6 18.
Ne5 Nd7 19. Nd3 Qd6 20. Nf4 Rfd8 21. Ba1 Ndf6 22. Qd4 Ng5 23. Qe5 Qxe5 24. Bxe5 Nfe4 25. Rxc8 Bxc8 26. Rd1 Be6 27. Bc4 Nd6 28. Bxd5 Nb5 29. a4 Na3 30. Nxe6 fxe6 31. Bb3 Rxd1+ 32. Bxd1 Nc4 33. Bd4 b5 34. axb5 axb5 35. Bc2 e5 36. Bc5 Ne6 37. Bb3 Kf7 38. Ba7 Kf6 39. Bb8 Nd2 40.
Bd5 Ng5 41. f4 exf4 42. exf4 Nge4 43. Be5+ Kg6 44. g4 Nf6 45. f5+ Kh7 46. Bxf6 gxf6 47. Bc6 Kg7 48. Bxb5 Nf3+ 49. Kh1 Nd4 50. Bd3 Kf7 51.
b5 Ke7 52. Kg2 Kd6 53. Kg3 Ke5 54. Kh4 Kf4 55. Kh5 Kg3 56. b6 Kxh3 57. b7 Nc6 58.
Be4 Nb8 59. Bf3 Kg3 60. Bd1 Kf4 61. Kxh6 Ke5 62. Kg6 Nd7 63. Bf3 Kd6 64. Be4 Ke5 65. Bg2 Kf4 66. g5 fxg5 67. f6 g4 68. f7 Ke5 69. Bh1 Ke6 70. b8=Q Nxb8 71. f8=Q Nd7 72.
Qf7+ Kd6 73. Qf2 Ne5+ 74. Kh5 Ke6 75. Qg3 Kd6 76. Bf3 Ke6 77. Bxg4+ Kf6 78. Qf4+ Kg7 79. Qxe5+ Kh7 80. Qd5 Kh8 81. Qc6 Kg7 82. Bf3 Kf8 83.
Be4 Ke7 84. Bd3 Kf7 85. Qc4+ Ke7 86. Qd4 Ke6 87. Qe4+ Kd6 88. Qf5 Kc6 89. Bc4 Kd6 90. Qd5+ Kc7 91. Qe6 Kb7 92. Bd5+ Kc7 93. Qc6+ Kd8 94.
Qb7 Ke8 95. Be6 Kf8 96. Qf7# 1-0